AoeStats
← WhiteBr0nc0

Arabia

505979923Analyzed
2v2 RM · 20d ago on Sep 11, 2026· 29m 21s· 4 players
Game mode
Random Map
Map size
Medium (4 player)
Population
200
Speed
Normal
Resources
Standard
Victory
Conquest
Starting age
Dark Age
Ending age
Imperial Age
RankedLock teamsTeams togetherTeam positionsShared explorationLock speedFull tech treeHidden civsTurbo modeCheats
Victory
Defeat
🇺🇸 Celts · United States
976
+16
🇺🇸 Mapuche · United States
954
+17
🇫🇷 Turks · France
1000
-51
🇫🇷 Franks · France
955
-46
WhiteBr0nc0
8:05 Loom
9:54 Feudal Age
11:14 Double-Bit Axe
11:23 Horse Collar
21:04 Castle Age
19:09 Gold Mining
19:10 Stone Mining
20:11 Scale Mail Armor
20:22 Forging
22:26 Wheelbarrow
22:54 Chain Mail Armor
23:24 Iron Casting
Phillyblnts
13:36 Feudal Age
18:45 Double-Bit Axe
21:44 Castle Age
19:40 Horse Collar
20:05 Gold Mining
20:29 Forging
20:21 Scale Mail Armor
22:25 Pikeman
22:30 Elite Skirmisher
23:58 Bow Saw
25:49 Gold Shaft Mining
27:47 Iron Casting
27:29 Chain Mail Armor
28:16 Wheelbarrow
Ryagaru
9:27 Loom
11:15 Feudal Age
12:17 Horse Collar
12:26 Double-Bit Axe
17:19 Scale Barding Armor
22:00 Forging
26:29 Castle Age
28:27 Thumb Ring
Kysera
0:26 Loom
11:03 Feudal Age
20:32 Castle Age
19:40 Wheelbarrow
23:00 Hand Cart
27:25 Caravan
Connection lost

Rejoining the realm…

Still unreachable

The connection could not be restored.

Session expired

The server has moved on; the page needs a fresh start.